 Dungeon Crawl Stone Soup version 0.17-a0-1450-g7e755d1 (webtiles) character file.

62 Chiseanne the Sneak (level 3, 0/28 HPs)
             Began as a Demonspawn Wanderer on June 30, 2015.
             Slain by Sigmund
             ... wielding a +0 scythe
              (9 damage)
             ... on level 2 of the Dungeon.
             The game lasted 00:03:56 (1394 turns).

Chiseanne the Sneak (Demonspawn Wanderer)           Turns: 1394, Time: 00:03:56

Health: 0/28       AC:  7    Str: 12    XL:     3   Next: 85%
Magic:  3/3        EV: 11    Int: 12    God:
Gold:   56         SH:  0    Dex: 14    Spells: 0 memorised, 2 levels left

rFire  + . .     SeeInvis .     a - +2 spear
rCold  + . .     Clarity  .     d - +1 ring mail
rNeg   . . .     SustAt   .     (no shield)
rPois  +         Gourm    .     (no helmet)
rElec  +         Spirit   .     (no cloak)
rCorr  +         Warding  .     g - +0 pair of gloves
rMut   .         Stasis   .     (no boots)
MR     .....                    (no amulet)
Stlth  ++........               (no ring)
                                m - ring of flight

@: resistant, not resistant to hostile enchantments, unstealthy
A: spiny 1, rot immunity
a: Evoke Flight


You were on level 2 of the Dungeon.
You were hungry.

You visited 1 branch of the dungeon, and saw 2 of its levels.

You collected 56 gold pieces.

Inventory:

Hand weapons
 a - a +2 spear (weapon)
 e - a +1 hand crossbow
Missiles
 c - 42 bolts
 k - 40 sling bullets
 l - 6 needles of confusion
Armour
 d - a +1 ring mail (worn)
 g - a +0 pair of gloves (worn)
Jewellery
 m - a ring of flight (left hand)
 n - an uncursed ring of positive energy {unknown}
Scrolls
 j - a scroll of remove curse
Potions
 i - 2 potions of resistance
 o - a potion of curing
Comestibles
 b - 5 chunks of flesh
 f - a bread ration
 h - a meat ration


   Skills:
 + Level 2.6 Fighting
 - Level 1.0 Polearms
   Level 1.0 Bows
 + Level 1.0 Crossbows
 - Level 1.0 Throwing
 + Level 1.9 Armour
 + Level 2.0 Dodging
 - Level 2.6 Stealth


You had 2 spell levels left.
You didn't know any spells.

Dungeon Overview and Level Annotations

Branches:
Dungeon (2/15)

Altars:
Xom

Annotations:
D:2 Sigmund


Innate Abilities, Weirdness & Mutations

You are partially covered in sharp spines.
You are immune to rotting.


Message History

You resist with significant effort.
You closely miss Sigmund.
Sigmund is moderately wounded.
Sigmund hits you with a scythe!
* * * LOW HITPOINT WARNING * * *
You hit Sigmund.
Sigmund is heavily wounded.
You hit Sigmund but do no damage.
Sigmund is heavily wounded.
Sigmund is struck by your spines. Sigmund barely misses you.
Drink which item? (? for menu, Esc to quit)
You don't have any such object.
Drink which item? (? for menu, Esc to quit)
Okay, then.
Unknown command.
You hit Sigmund.
Sigmund is severely wounded.
Sigmund says, "Your kind have come here before.
I understand now why.
You desire death..."
Sigmund hits you with a scythe!
You die...

...# .>. .. ##.# ######
.....# ####.# # #.# ####
####.# ..#
...#.###########@#######
...#..........[.@......#
...#############†......#
#### #.......# #.......#
#.......# #.$.....#
#.......# #.......#
#.......#


You could see Sigmund.

Vanquished Creatures
  2 adders (D:2)
  An ooze (D:1)
  A worm (D:2)
  A giant gecko (D:2)
  2 giant cockroaches
  7 goblins
  3 hobgoblins (D:1)
  5 jackals (D:2)
  4 bats
  A giant newt (D:2)
  4 kobolds (D:1)
  4 rats
35 creatures vanquished.

Notes
Turn   | Place    | Note
--------------------------------------------------------------
     0 | D:1      | Chiseanne the Demonspawn Wanderer began the quest for the Orb.
     0 | D:1      | Chiseanne set off with: a +2 spear, a +0 hand crossbow, 21 bolts, a +0 ring mail, a +0 dagger, a bread ration
     0 | D:1      | Reached XP level 1. HP: 16/16 MP: 1/1
   332 | D:1      | Gained mutation: You are immune to rotting. [demonic ancestry]
   332 | D:1      | Reached XP level 2. HP: 20/22 MP: 2/2
   871 | D:2      | Gained mutation: You are partially covered in sharp spines. [demonic ancestry]
   871 | D:2      | Reached XP level 3. HP: 3/28 MP: 3/3
  1232 | D:2      | Found a shimmering altar of Xom.
  1271 | D:2      | Found a shimmering altar of Xom.
  1271 | D:2      | Found a shimmering altar of Xom.
  1331 | D:2      | Reached skill level 1 in Crossbows
  1381 | D:2      | Noticed Sigmund
  1394 | D:2      | Slain by Sigmund

Vault maps used:
D:1:      minmay_arrival_four_circles, interstate_on_off
D:2:      xom_redecorated, uniq_sigmund

Action                   || total
-------------------------++-------
Melee: Spear             ||    79
 Fire: Hand crossbow     ||     4
  Use: Scroll            ||     5
       Potion            ||     2
 Stab: Sleeping          ||     2
  Eat: Chunk             ||     1
